 Dungeon Crawl Stone Soup version 0.26-a0-491-g70697cc071 (webtiles) character file.

Game seed: 4749433706758379575

443 JamesBald the Cutter (level 7, -3/54 HPs)
             Began as a Human Berserker on Aug 5, 2020.
             Was a Priest of Trog.
             Killed from afar by Dowan (9 damage)
             ... with a shard of ice
             ... on level 7 of the Dungeon.
             The game lasted 00:11:11 (3973 turns).

JamesBald the Cutter (Human Berserker)              Turns: 3973, Time: 00:11:12

Health: -3/54      AC:  8    Str: 17 (18) XL:     7   Next: 23%
Magic:  7/7        EV: 12    Int:  4 (7)  God:    Trog [***...]
Gold:   180        SH:  0    Dex: 13 (14) Spells: 6/6 levels left

rFire    . . .     SeeInvis .   c - +2 short sword (flame)
rCold    . . .     Faith    .   (no shield)
rNeg     . . .     Spirit   .   r - +0 ring mail
rPois    .         Reflect  .   (no helmet)
rElec    .         Harm     .   (no cloak)
rCorr    .                      f - +2 pair of gloves
MR       ++...                  (no boots)
Stlth    +.........             (no amulet)
HPRegen  1.18/turn              (no ring)
MPRegen  0.10/turn              (no ring)

@: berserk cooldown, regenerating, slowed, very slow
A: no striking features
a: Berserk, Trog's Hand, Renounce Religion


You were on level 7 of the Dungeon.
You worshipped Trog.
Trog was most pleased with you.
You visited 1 branch of the dungeon, and saw 5 of its levels.

You collected 180 gold pieces.

Inventory:

Hand Weapons
 a - a +0 spear
 c - a +2 short sword of flaming (weapon)
 g - a +2 hunting sling of freezing
 q - a +0 short sword of draining
Missiles
 j - a throwing net (quivered)
Armour
 b - a +0 animal skin
 e - a +0 ring mail
 f - a +2 pair of gloves (worn)
 r - a +0 ring mail (worn)
Jewellery
 u - an uncursed ring of fire {unknown}
Scrolls
 i - 2 scrolls of enchant armour {unknown}
 k - 2 scrolls of teleportation {unknown}
 n - 2 scrolls of identify {unknown}
 o - a scroll of amnesia {unknown}
 t - a scroll of remove curse {unknown}
Potions
 d - 3 potions of degeneration
 h - a potion of mutation {unknown}
 l - a potion of lignification {unknown}
 m - a potion of curing {unknown}
 p - a potion of brilliance {unknown}
 s - a potion of ambrosia {unknown}
 v - a potion of heal wounds {unknown}


   Skills:
 + Level 4.0 Fighting
 * Level 4.8 Short Blades
 - Level 3.2 Polearms
 + Level 3.4 Armour
 + Level 3.0 Dodging


You had 6 spell levels left.
You didn't know any spells.
Your spell library was empty.

Dungeon Overview and Level Annotations

Branches:
Dungeon (4/15)             Temple (0/1) D:4

Altars:

Shops:
D:4 *   D:7 *

Annotations:
D:7 Dowan


Message History

The worker ant is heavily wounded.
The worker ant bites you.
* * * LOW HITPOINT WARNING * * *
You hit the worker ant but do no damage.
The worker ant is heavily wounded.
The worker ant bites you but does no damage.
Dowan casts a spell at you. The stone arrow hits you!
* * * LOW HITPOINT WARNING * * *
The worker ant misses you.
It was a potion of degeneration.
There was something very wrong with that liquid.
You feel weakened.
You feel dopey.
You feel clumsy.
Dowan points at you and mumbles some strange words.
The shard of ice hits you.
* * * LOW HITPOINT WARNING * * *
The worker ant closely misses you. Dowan casts a spell at you.
The shard of ice hits you!
You die...

....##
##.....##
#.......#
#>......#
#.......#
#.......#
#....#
#.#a###.#
#..@../.#
#....e.##
≈≈≈≈≈≈≈≈≈.#
≈≈≈≈≈≈≈≈≈≈≈...
.≈≈≈≈≈≈≈≈≈≈≈.##
.≈≈≈≈♣.♣≈≈≈≈..#
.≈≈≈.....≈≈≈..#
#≈≈≈♣>∩.♣≈≈≈..#


You could see Dowan (fast) and a worker ant.

Vanquished Creatures
  Duvessa (D:7)
  An orc priest (D:3)
  A bullfrog skeleton (D:4)
  3 orc wizards
  A worker ant (D:4)
  7 adders
  An adder skeleton (D:4)
  A worm (D:3)
  3 dart slugs
  3 leopard geckos
  13 orcs
  6 bats
  5 giant cockroaches
  10 goblins
  3 hobgoblins
  5 jackals (D:4)
  2 quokkas (D:4)
  10 frilled lizards
  9 kobolds
  A leopard gecko skeleton (D:4)
  17 rats
103 creatures vanquished.

Notes
Turn   | Place    | Note
-------+----------+-------------------------------------------
     0 | D:1      | JamesBald the Human Berserker began the quest for the Orb.
     0 | D:1      | Reached XP level 1. HP: 18/18 MP: 1/1
    75 | D:1      | Reached XP level 2. HP: 21/24 MP: 2/2
   442 | D:1      | Reached XP level 3. HP: 28/29 MP: 3/3
   519 | D:1      | Reached ** piety under Trog
   873 | D:2      | Reached skill level 1 in Short Blades
  1296 | D:2      | Reached XP level 4. HP: 25/36 MP: 4/4
  1464 | D:2      | Found a faded altar of an unknown god.
  2147 | D:3      | Reached XP level 5. HP: 20/42 MP: 5/5
  2405 | D:3      | Reached *** piety under Trog
  3122 | D:4      | Reached XP level 6. HP: 39/48 MP: 6/6
  3264 | D:4      | Found a staircase to the Ecumenical Temple.
  3838 | D:4      | Found Zoemy's Serpentskin Sales.
  3941 | D:4      | You fall into a shaft and drop 3 floors!
  3941 | D:7      | Noticed Duvessa
  3942 | D:7      | Noticed Dowan
  3943 | D:7      | Found Loevyl's Island Escapes.
  3954 | D:7      | Killed Duvessa
  3954 | D:7      | Reached XP level 7. HP: 54/54 MP: 7/7
  3973 | D:7      | Killed from afar by Dowan

Illustrated notes

Levels and vault maps discovered:
D:1:      heliophobic_arrival_battle_scene, layout_loops_ring
D:2:      layout_basic, serial_glass, glass_columns_a, glass_columns_a,
          chequers_ecumenical_altar_simple
D:3:      layout_loops_cross
D:4:      minmay_recursive_quarters, layout_basic, temple_pool_b,
          guppyfry_shop_venom
D:7:      layout_loops_cross, nicolae_island_escapes, uniq_duvessa

Skill      XL: |  1  2  3  4  5  6 |
---------------+-------------------+-----
Short Blades   | 1 2 3 4 |  4.8
Armour         | 3 |  3.4
Fighting       | 4 |  4.0
Dodging        | 3 |  3.0
Polearms       | |  3.2

Action                   |  1- 3 |  4- 6 |  7- 9 || total
-------------------------+-------+-------+-------++-------
Melee: Spear             |    15 |       |       ||    15
       Short sword       |    74 |   221 |    14 ||   309
Invok: Berserk           |       |     2 |       ||     2
       Trog's Hand       |       |       |     1 ||     1
  Use: Potion            |       |       |     1 ||     1
Armor: Animal skin       |     4 |       |       ||     4
       Ring mail         |    27 |   111 |    18 ||   156
Dodge: Dodged            |    57 |   129 |    20 ||   206

Table legend: (Time is in decaauts)
 A = Elapsed time spent in this place.
 B = Non-inter-level travel time spent in this place.
 C = Inter-level travel time spent in this place.
 D = Time resting spent in this place.
 E = Time spent auto-exploring this place.
 F = Levels seen in this place.
 G = Mean time per level.
                   A        B        C        D        E       F      G
               +--------+--------+--------+--------+--------+-----+--------+
         Total |   3981 |   3938 |     43 |   1184 |   1778 |   5 |  796.2 |
       Dungeon |   3981 |   3938 |     43 |   1184 |   1778 |   5 |  796.2 |
               +--------+--------+--------+--------+--------+-----+--------+

Top non-repeatable levels by time:
     D:3: 1274 daAuts
     D:2: 1055 daAuts
     D:4: 888 daAuts
     D:1: 731 daAuts
     D:7: 31 daAuts
